 Dungeon Crawl Stone Soup version 0.28.0-53-g5a82cb258f (webtiles) character file.

Game seed: 14040803160474583259

2064 LynnLen the Covert (level 9, -6/57 HPs)
             Began as a Vampire Enchanter on Aug 10, 2022.
             Was a Follower of Wu Jian.
             Mangled by an orc warrior
             ... wielding a +0 short sword
              (10 damage)
             ... on level 7 of the Dungeon.
             The game lasted 00:25:57 (7450 turns).

LynnLen the Covert (Vampire Enchanter)              Turns: 7450, Time: 00:25:58

Health: -6/57      AC:  7    Str:  7    XL:     9   Next: 5%
Magic:  9/12       EV: 12    Int: 19    God:    Wu Jian [*.....]
Gold:   239        SH:  0    Dex: 17    Spells: 10/13 levels left

rFire   . . .      SeeInvis +   a - +1 dagger
rCold   . . .      Faith    .   (no shield)
rNeg    . . .      Spirit   .   c - +0 leather armour
rPois   .          Reflect  .   x - +0 helmet
rElec   .          Harm     .   k - +0 cloak
rCorr   .          Rampage  .   z - +1 pair of gloves
Will    .....                   (no boots)
Stlth   +++++.....              y - amulet of the acrobat
HPRegen 0.39/turn               (no ring)
MPRegen 0.13/turn               (no ring)

@: healing quickly
A: alive, fangs 3, see invisible, vampiric 2
a: Exsanguinate, Renounce Religion


You were on level 7 of the Dungeon.
You worshipped Wu Jian.
Wu Jian was aware of your devotion.
You visited 1 branch of the dungeon, and saw 7 of its levels.

You collected 247 gold pieces.
You spent 8 gold pieces at shops.

Inventory:

Hand Weapons
 a - a +1 dagger (weapon)
 l - a +2 hunting sling of freezing
Missiles
 e - 10 poisoned darts
 g - 46 sling bullets
 j - 3 javelins
Armour
 c - a +0 leather armour (worn)
 k - a +0 cloak (worn)
 x - a +0 helmet (worn)
 z - a +1 pair of gloves (worn)
Jewellery
 n - a ring of positive energy
 y - an amulet of the acrobat (around neck)
Wands
 w - a wand of flame (58)
 B - a wand of iceblast (8)
Scrolls
 d - a scroll of noise {unknown}
 f - 2 scrolls of magic mapping
 h - 2 scrolls of enchant armour
 i - 3 scrolls of silence
 p - 2 scrolls of teleportation {unknown}
 q - 4 scrolls of immolation
 s - a scroll of torment {unknown}
 t - 3 scrolls of blinking
 u - 3 scrolls of vulnerability
 v - a scroll of amnesia {unknown}
Potions
 b - a potion of heal wounds
 m - a potion of flight
 r - a potion of mutation
 A - 2 potions of curing


   Skills:
 - Level 10.0 Short Blades
 + Level 3.0 Dodging
 + Level 11.5 Stealth
 + Level 2.5 Spellcasting
 + Level 5.2 Hexes


You had 10 spell levels left.
You knew the following spells:

 Your Spells              Type           Power      Damage    Failure   Level
a - Confusing Touch       Hex            22%        N/A       9%          3

Your spell library contained the following spells:

 Spells                   Type           Power      Damage    Failure   Level
 Tukima's Dance           Hex            22%        N/A       9%          3
 Ensorcelled Hibernation  Hex/Ice        24%        N/A       12%         2
 Beastly Appendage        Tmut           4%         N/A       24%         1
 Dazzling Flash           Conj/Hex       24%        N/A       24%         3
 Portal Projectile        Hex/Tloc       24%        N/A       24%         3
 Wereblood                Tmut           2%         N/A       36%         2
 Spider Form              Tmut/Pois      2%         N/A       58%         3
 Summon Mana Viper        Hex/Summ       12%        N/A       92%         5
 Blade Hands              Tmut           1%         N/A       100%        5
 Excruciating Wounds      Necr           1%         N/A       100%        5
 Summon Forest            Summ/Tloc      1%         N/A       100%        5
 Summon Cactus Giant      Summ           1%         N/A       100%        6


Dungeon Overview and Level Annotations

Branches:
Dungeon (7/15)             Temple (0/1) D:4

Altars:
Elyvilon
Makhleb
Okawaru
Sif Muna
Wu Jian
The Shining One

Shops:
D:2 (   D:7 :

Annotations:
D:3 3 runed translucent doors, Dazliare's ghost, amateur PaAr; Diggabert's ghost, amateur HuFi; NegativeXP's ghost, weakling DDMo; turdburglar's ghost, amateur MiHu


Innate Abilities, Weirdness & Mutations

Your natural rate of healing is accelerated.
You have razor-sharp teeth.
You have supernaturally acute eyesight. (SInv)
You are afflicted with vampirism and can become a bat while bloodless.


Message History

The orc warrior hits something with a +0 short sword!!
The Council accepts your kill.
You feel a bit more experienced.
You hear a shout!
You hear a shout!
The orc warrior shouts!
The orc warrior shouts!
The orc warrior hits you with a +0 short sword!!
You spin and attack the orc warrior repeatedly.
You barely miss the orc warrior. You closely miss the orc warrior.
The orc warrior hits you with a +0 short sword!
The orc warrior hits you with a +0 short sword!
* * * LOW HITPOINT WARNING * * *
Okay, then.
Blink to where?
Press: ? - help, Dir - move target, p - orc warrior
As you read the scroll of blinking, it crumbles to dust.
The orc warrior shouts!
You hear a shout!
You hear a shout!
The orc warrior looks more energetic.
Throw: 11 darts (poison)
Press: ? - help, Q - select action, (/) - cycle Shift-Dir - straight line, f - orc warrior
Aim: an orc warrior, wielding a +0 short sword and wearing a +0 plate armour (59% to hit)
You throw a poisoned dart.
The poisoned dart barely misses the orc warrior.
Casting: Confusing Touch (dangerous; 9% risk of failure)
Press: ? - help, Q - select action, (/) - cycle Dir - look around, f - activate Your hands begin to glow red.
You lunge at the orc warrior, in a flurry of attacks.
You hit the orc warrior but do no damage.
Your bite misses the orc warrior.
You hit the orc warrior but do no damage.
The orc warrior appears confused.
The orc warrior hits you with a +0 short sword!
* * * LOW HITPOINT WARNING * * *
You hit the orc warrior but do no damage.
You bite the orc warrior, but do no damage.
The orc warrior hits you with a +0 short sword!
You die...

########################
#.......................
#.######################
#..................###.#
###>.................#..
######......@o......#.# #.#.#
#..........########.#.#.#.#.#
#..........##.....#.#.#.#...#
#........<........#.#.#.##..#
#..........##.#####o#........
#..............)).....#.###..
#...........#.#####.#...#.#..
#............#.# #.#........
#...####..##.#.# #.#.#.###..


You could see an orc warrior (confused).

Vanquished Creatures
  Sigmund (D:6)
  Edmund (D:6)
  Duvessa (D:6)
  A water moccasin (D:7)
  An ice beast (D:6)
  3 black bears
  An ogre (D:6)
  A centaur (D:5)
  A phantom (D:5)
  2 scorpions (D:6)
  Dowan (D:6)
  A water moccasin skeleton (D:4)
  2 killer bees (D:5)
  3 wights (D:7)
  2 howler monkeys (D:7)
  A centaur zombie (D:5)
  A hound (D:6)
  2 orc priests
  2 jellies
  An iguana (D:4)
  2 orc wizards (D:5)
  6 adders
  3 white imps
  An adder zombie (D:5)
  2 dart slugs
  2 worms (D:2)
  20 orcs
  5 ball pythons
  4 bats
  13 endoplasms
  5 giant cockroaches
  10 hobgoblins
  14 jackals
  8 kobolds
  3 quokkas
  4 frilled lizards
  6 goblins
  A rat (D:1)
138 creatures vanquished.

Vanquished Creatures (collateral kills)
  A killer bee (D:5)
  2 orcs (D:7)
3 creatures vanquished.

Vanquished Creatures (others)
  A killer bee (D:5)
  2 withered plants (D:3)
3 creatures vanquished.

Grand Total: 144 creatures vanquished

Notes
Turn   | Place    | Note
-------+----------+-------------------------------------------
     0 | D:1      | LynnLen the Vampire Enchanter began the quest for the Orb.
     0 | D:1      | Reached XP level 1. HP: 13/13 MP: 3/3
   100 | D:1      | Reached XP level 2. HP: 15/19 MP: 5/5
   503 | D:1      | Reached skill level 5 in Stealth
   849 | D:1      | Gained mutation: You are afflicted with vampirism and can
                  | become a bat while bloodless. [Vampire growth]
   849 | D:1      | Reached XP level 3. HP: 12/24 MP: 6/6
  1020 | D:1      | Learned a level 3 spell: Confusing Touch
  1419 | D:2      | Found Erhoomn's Weapon Shop.
  1451 | D:2      | Bought 2 datura-tipped darts for 8 gold pieces
  1685 | D:2      | Reached XP level 4. HP: 30/30 MP: 7/7
  2571 | D:3      | Found an ornate altar of the Wu Jian Council.
  2708 | D:3      | Reached skill level 6 in Stealth
  2810 | D:3      | Became a worshipper of the Wu Jian Council
  2892 | D:3      | Reached XP level 5. HP: 35/35 MP: 8/8
  2932 | D:3      | Found a runed translucent gate.
  2932 | D:3      | Found a runed translucent gate.
  2932 | D:3      | Found a runed translucent gate.
  2933 | D:3      | Noticed NegativeXP's ghost (weakling DDMo)
  2934 | D:3      | Noticed turdburglar's ghost (amateur MiHu)
  2934 | D:3      | Noticed Dazliare's ghost (amateur PaAr)
  2934 | D:3      | Noticed Diggabert's ghost (amateur HuFi)
  3070 | D:3      | Found an iron altar of Okawaru.
  3735 | D:4      | Reached skill level 5 in Short Blades
  3943 | D:4      | Reached skill level 7 in Stealth
  3943 | D:4      | Reached XP level 6. HP: 31/41 MP: 5/9
  4133 | D:4      | Found a staircase to the Ecumenical Temple.
  4280 | D:5      | Entered Level 5 of the Dungeon
  4280 | D:5      | You fall into a shaft and drop 1 floor!
  4312 | D:6      | Found a burning altar of Makhleb.
  4322 | D:6      | Identified the +0 robe "Nofituwy" {Int+6 Slay+3}
  4489 | D:5      | Reached skill level 8 in Stealth
  4489 | D:5      | Reached XP level 7. HP: 23/46 MP: 2/10
  4741 | D:5      | HP: 2/46 [orc priest/+0 club (5)]
  4743 | D:5      | Reached * piety under Wu Jian
  5231 | D:5      | Found a shimmering blue altar of Sif Muna.
  5328 | D:6      | Noticed Duvessa
  5334 | D:6      | Noticed Dowan
  5336 | D:6      | Killed Duvessa
  5358 | D:6      | Killed Dowan
  5359 | D:6      | Reached skill level 9 in Stealth
  5471 | D:6      | Noticed Sigmund
  5511 | D:6      | Killed Sigmund
  5512 | D:6      | Reached XP level 8. HP: 13/52 MP: 1/11
  5733 | D:6      | Noticed Edmund
  5737 | D:6      | Killed Edmund
  5738 | D:6      | Reached skill level 10 in Stealth
  6429 | D:5      | Reached skill level 10 in Short Blades
  6792 | D:7      | Reached skill level 11 in Stealth
  7130 | D:7      | Reached skill level 5 in Hexes
  7130 | D:7      | Reached XP level 9. HP: 57/57 MP: 12/12
  7290 | D:7      | Found Qexef's Self-Improvement Boutique.
  7450 | D:7      | Mangled by an orc warrior

Illustrated notes

Levels and vault maps discovered:
D:1:      amcnicky_arrival_double_pillar, layout_loops_ring, st_stairs_5,
          roderic_serpentine_path, corexii_leaking_fountain,
          minmay_three_crescents
D:2:      layout_basic, serial_shops, shop
D:3:      layout_basic, okawaru_metal_pillars_1_2,
          mainiacjoe_overflow_concentric_impassable, gammafunk_ghost_cemetery
D:4:      layout_basic, elyvilon_altar_3, minmay_temple_entry_metal_lava
D:5:      layout_rooms, nicolae_sif_muna_condensation
D:6:      minmay_general_purpose_star, layout_gridville, bloody_makhleb,
          mainiacjoe_overflow_small_starburst, uniq_edmund, uniq_duvessa,
          uniq_sigmund
D:7:      layout_basic, nicolae_shop_self_help

Skill      XL: |  1  2  3  4  5  6  7  8  9 |
---------------+----------------------------+-----
Short Blades   | 2 3 4 5 6 8 10 | 10.0
Stealth        | 5 6 7 8 9 11 | 11.5
Hexes          | 5 |  5.2
Dodging        | 3 |  3.0
Spellcasting   | |  2.5

Action                   |  1- 3 |  4- 6 |  7- 9 || total
-------------------------+-------+-------+-------++-------
Melee: Dagger            |   185 |   255 |   261 ||   701
       Bite              |    30 |    33 |    32 ||    95
       Punch             |     4 |     1 |     5 ||    10
Throw: Dart              |       |    14 |     4 ||    18
       Javelin           |       |     2 |       ||     2
 Cast: Confusing Touch   |     2 |    13 |    23 ||    38
Invok: Lunge             |       |    13 |    17 ||    30
       Whirlwind         |       |       |    10 ||    10
  Use: Potion            |     3 |       |     3 ||     6
       Scroll            |     1 |     4 |     5 ||    10
 Stab: Invisible         |     2 |       |       ||     2
       Sleeping          |    11 |    12 |     8 ||    31
       Confused          |     1 |    12 |    17 ||    30
Armor: Robe              |    27 |    16 |       ||    43
       Leather armour    |       |    22 |    40 ||    62
Dodge: Dodged            |   123 |    99 |    93 ||   315
